 Dungeon Crawl Stone Soup version 0.28-a0-1412-gf95308ed99 (webtiles) character file.

Game seed: 8145363442085949697

228 Demosthentine the Unweaver (level 5, -6/42 HPs)
             Began as a Demonspawn Abyssal Knight on Jan 7, 2022.
             Was a Follower of Lugonu.
             Mangled by Grinder (7 damage)
             ... on level 4 of the Dungeon.
             The game lasted 00:04:12 (3848 turns).

Demosthentine the Unweaver (DsAK)                   Turns: 3848, Time: 00:04:14

Health: -6/42      AC:  4    Str: 15    XL:     5   Next: 70%
Magic:  8/8        EV: 12    Int: 11    God:    Lugonu [*.....]
Gold:   93         SH:  0    Dex: 14    Spells: 4/4 levels left

rFire   . . .      SeeInvis .   a - +1 spear
rCold   . . .      Faith    .   (no shield)
rNeg    . . .      Spirit   .   b - +1 leather armour
rPois   .          Reflect  .   (helmet restricted)
rElec   .          Harm     .   (no cloak)
rCorr   .          Rampage  .   (no gloves)
Will    .....                   (no boots)
Stlth   +.........              (no amulet)
HPRegen 0.14/turn               (no ring)
MPRegen 0.11/turn               (no ring)

@: no status effects
A: antennae 1, demonic magic 1, weakness stinger 1
a: Renounce Religion, Depart the Abyss


You were on level 4 of the Dungeon.
You worshipped Lugonu.
Lugonu was aware of your devotion.
You visited 1 branch of the dungeon, and saw 4 of its levels.
You visited the Abyss 1 time.

You collected 93 gold pieces.

Inventory:

Hand Weapons
 a - a +1 spear (weapon)
Armour
 b - a +1 leather armour (worn)
Scrolls
 f - a scroll of magic mapping


   Skills:
 + Level 3.9 Fighting
 + Level 2.8 Polearms
 + Level 2.8 Armour
 + Level 2.3 Dodging
 + Level 4.1 Invocations


You had 4 spell levels left.
You didn't know any spells.
Your spell library contained the following spells:

 Spells                   Type           Power      Damage    Failure   Level
 Corpse Rot               Necr/Air       0%         N/A       54%         2
 Poisonous Vapours        Pois/Air       0%         N/A       54%         2


Dungeon Overview and Level Annotations

Branches:
Dungeon (4/15)
 Temple: D:4-7

Altars:

Annotations:
D:4 Grinder


Innate Abilities, Weirdness & Mutations

You have a pair of small antennae on your head.
Spells you cast may paralyse adjacent enemies.
You have a small tail.


Message History

Grinder hits you!
You writhe in agony.
You hit Grinder but do no damage.
Your tail-slap misses Grinder.
Grinder is lightly wounded.
Grinder hits you.
You writhe in agony.
You closely miss Grinder.
Your tail-slap misses Grinder.
Grinder is lightly wounded.
Grinder gestures at you.
You barely resist. You closely miss Grinder. You tail-slap Grinder.
Grinder is moderately wounded.
Grinder hits you.
You writhe in agony.
You hit Grinder but do no damage.
Grinder is moderately wounded.
Grinder hits you but does no damage.
You hit Grinder.
Grinder is moderately wounded.
Grinder hits you.
You writhe in agony.
You closely miss Grinder.
Grinder is moderately wounded.
Grinder barely misses you.
You hit Grinder.
Grinder is moderately wounded.
Grinder hits you!
* * * LOW HITPOINT WARNING * * *
You writhe in agony.
* * * LOW HITPOINT WARNING * * *
You hit Grinder.
Your tail-slap misses Grinder.
Grinder is heavily wounded.
Grinder barely misses you.
You feel better. Grinder hits you.
You writhe in agony.
* * * LOW HITPOINT WARNING * * *
Unknown command.
You hit Grinder but do no damage.
Grinder is heavily wounded.
Grinder hits you!
* * * LOW HITPOINT WARNING * * *
You closely miss Grinder.
Grinder is heavily wounded.
Grinder hits you!
You die...

#.# #.# ######## #.# #.#
........ #.# #.# .....##
#.# #.## .....# #.# #.#.
.....# #.#### #.#.
.....## #....#
#########... ......#
####.########.........##
......#
#..5@....#.#####..###
......# ########.#.#
#..### .†....# ..#.#.#
#..... .........
#.#.#.#####...#.
.........
#.#)#.#.........
.........
#.#)#'#.###(.###
≈P....... #.).....# ##.#
≈#.......
#.>.<...####.###
........#
#..........#....


You could see Grinder.

Vanquished Creatures
  A phantom (D:4)
  An orc priest (D:4)
  An orc wizard (D:4)
  4 adders
  A worm (D:2)
  An adder skeleton (D:4)
  4 dart slugs
  3 orcs (D:4)
  6 bats
  An endoplasm (D:4)
  2 giant cockroaches
  6 goblins
  3 jackals (D:1)
  2 kobolds
  A quokka (D:1)
  6 ball pythons
  3 frilled lizards
  3 rats
49 creatures vanquished.

Notes
Turn   | Place    | Note
-------+----------+-------------------------------------------
     0 | Abyss:1  | Demosthentine the Demonspawn Abyssal Knight began the quest
                  | for the Orb.
     0 | Abyss:1  | Reached XP level 1. HP: 18/18 MP: 2/2
    57 | Abyss:1  | Noticed a thrashing horror
    58 | D:1      | Escaped the Abyss
   111 | D:1      | Reached skill level 1 in Dodging
   397 | D:1      | Discovered your monstrous ancestry.
   397 | D:1      | Gained mutation: You have a pair of small antennae on your
                  | head. [demonic ancestry]
   397 | D:1      | Reached XP level 2. HP: 24/24 MP: 4/4
   599 | D:1      | Found a faded altar of an unknown god.
   773 | D:1      | Reached * piety under Lugonu
  1066 | D:2      | Reached skill level 3 in Invocations
  1318 | D:2      | Gained mutation: You have a small tail. [demonic ancestry]
  1318 | D:2      | Reached XP level 3. HP: 27/29 MP: 5/5
  2357 | D:3      | HP: 1/29 [adder (2)]
  2362 | D:3      | Gained mutation: Spells you cast may paralyse adjacent
                  | enemies. [demonic ancestry]
  2362 | D:3      | Reached XP level 4. HP: 8/35 MP: 6/6
  3242 | D:4      | Reached XP level 5. HP: 35/42 MP: 7/7
  3334 | D:4      | Noticed a phantom
  3383 | D:4      | Killed a phantom
  3384 | D:4      | Reached skill level 4 in Invocations
  3695 | D:4      | Noticed Grinder
  3847 | D:4      | HP: 1/42 [Grinder (8)]
  3848 | D:4      | Mangled by Grinder

Illustrated notes

Levels and vault maps discovered:
D:1:      matt_arrival_spirals, layout_basic,
          hellmonk_ecumenical_altar_heavens_door
D:2:      layout_basic, minmay_pentomino_s2
D:3:      layout_loops_cross
D:4:      layout_basic, serial_bayou_pond_b, minmay_starry_boxes, uniq_grinder

Skill      XL: |  1  2  3  4  5 |
---------------+----------------+-----
Dodging        | 1 2 |  2.3
Polearms       | 2 |  2.8
Armour         | 2 |  2.8
Invocations    | 3 4 |  4.1
Fighting       | |  3.9

Action                   |  1- 3 |  4- 6 || total
-------------------------+-------+-------++-------
Melee: Spear             |   114 |    91 ||   205
       Tailslap          |     3 |    11 ||    14
       Punch             |     1 |     1 ||     2
       Unarmed           |       |     1 ||     1
Invok: Depart the Abyss  |     1 |       ||     1
  Use: Scroll            |     6 |     2 ||     8
       Potion            |     3 |     6 ||     9
 Stab: Sleeping          |     1 |     1 ||     2
Armor: Leather armour    |    21 |    12 ||    33
Dodge: Dodged            |    50 |    31 ||    81

Table legend: (Time is in decaauts)
 A = Elapsed time spent in this place.
 B = Non-inter-level travel time spent in this place.
 C = Inter-level travel time spent in this place.
 D = Time resting spent in this place.
 E = Time spent auto-exploring this place.
 F = Levels seen in this place.
 G = Mean time per level.
                   A        B        C        D        E       F      G
               +--------+--------+--------+--------+--------+-----+--------+
         Total |   3806 |   3718 |     88 |    244 |   2998 |   5 |  761.2 |
       Dungeon |   3748 |   3660 |     88 |    244 |   2942 |   4 |  937.0 |
         Abyss |     58 |     58 |      0 |      0 |     56 |   1 |   58.0 |
               +--------+--------+--------+--------+--------+-----+--------+

Top non-repeatable levels by time:
     D:2: 1403 daAuts
     D:1: 876 daAuts
     D:3: 864 daAuts
     D:4: 604 daAuts
 Abyss:1: 58 daAuts
